 Dungeon Crawl Stone Soup version 0.23.0 (webtiles) character file.

Game seed: 8557934873287142826

12273 Azzok the Cleaver (level 12, -9/81 HPs)
             Began as a Formicid Fighter on Feb 12, 2019.
             Was a High Priest of Okawaru.
             Mangled by a skeletal warrior
             ... wielding a +0 halberd
             ... led by a skeletal warrior
              (19 damage)
             ... on level 11 of the Dungeon.
             The game lasted 00:19:54 (14237 turns).

Azzok the Cleaver (Formicid Fighter)               Turns: 14237, Time: 00:19:55

Health: -9/81      AC: 14    Str: 24    XL:     12   Next: 18%
Magic:  14/19      EV: 11    Int: 10    God:    Okawaru [*****.]
Gold:   699        SH:  9    Dex: 10    Spells: 11/11 levels left

rFire    . . .     SeeInvis +   a - +1 war axe
rCold    . . .     Gourm    .   c - +0 shield
rNeg     + . .     Faith    .   B - +2 chain mail {rN+}
rPois    .         Spirit   .   (helmet unavailable)
rElec    .         Reflect  .   (no cloak)
rCorr    .         Harm     .   g - +0 pair of gloves {archery}
MR       +....                  b - +1 pair of boots
Stlth    ..........             (no amulet)
HPRegen  0.23/turn              C - +2 ring of evasion
MPRegen  0.16/turn              r - +3 ring of evasion

@: finesse, marked, very slightly contaminated
A: permanent stasis, dig shafts and tunnels, four strong arms, antennae 3
a: Dig, Shaft Self, Heroism, Finesse, Renounce Religion


You were on level 11 of the Dungeon.
You worshipped Okawaru.
Okawaru was extremely pleased with you.
You were not hungry.

You visited 1 branch of the dungeon, and saw 11 of its levels.

You collected 699 gold pieces.

Inventory:

Hand Weapons
 a - a +1 war axe (weapon)
 d - the +4 halberd of Abbosim {antimagic, +Blink rF+}
   (You acquired it on level 9 of the Dungeon)

   It reduces the magical energy of the wielder, and disrupts the spells and
   magical abilities of those hit.
   Natural abilities and divine invocations are not affected.
   It protects you from fire.
   It lets you blink.
Armour
 b - a +1 pair of boots (worn)
 c - a +0 shield (worn)
 g - a +0 pair of gloves of archery (worn)
 B - a +2 chain mail of positive energy (worn)
 D - a +0 pair of gloves
Jewellery
 r - a +3 ring of evasion (right hand)
 w - an uncursed ring of fire
 C - a +2 ring of evasion (left hand)
Wands
 y - a wand of flame (36)
Scrolls
 o - a scroll of fog
 t - 4 scrolls of remove curse
 v - a scroll of fear
Potions
 j - a potion of curing
 q - 3 potions of flight
 u - a potion of resistance
 x - a potion of cancellation
Comestibles
 f - 21 rations


   Skills:
 - Level 3.2 Fighting
 + Level 14.3 Axes
 - Level 3.2 Armour
 - Level 3.6 Shields
 - Level 10.0 Invocations
 + Level 8.3 Evocations


You had 11 spell levels left.
You didn't know any spells.
Your spell library contained the following spells:

 Spells                   Type           Power        Failure   Level  Hunger
 Call Imp                 Summ           #.......     100%        2    ###....
 Dragon's Call            Summ           #.........   100%        9    #######


Dungeon Overview and Level Annotations

Branches:
Dungeon (11/15)            Temple (0/1) D:7
   Lair: D:8-11         Orc: D:9-12

Altars:
Elyvilon
Kikubaaqudgha
Makhleb
Okawaru
Qazlal
Ru
Zin
The Shining One

Annotations:
D:8 2 transporters, farkougg's ghost, novice MiBe


Innate Abilities, Weirdness & Mutations

You cannot be hasted, slowed, berserked, paralysed or teleported.
You can dig through walls and to a lower floor.
Your four strong arms can wield two-handed weapons with a shield.
You have a pair of large antennae on your head. (SInv)


Message History

You closely miss the skeletal warrior.
The skeletal warrior is heavily damaged.
You slash the skeletal warrior!
The skeletal warrior is heavily damaged.
The skeletal warrior hits you but does no damage.
You slash the skeletal warrior!
The skeletal warrior is severely damaged.
You hit the skeletal warrior.
The skeletal warrior is severely damaged.
You barely miss the skeletal warrior.
The skeletal warrior is severely damaged.
The skeletal warrior misses you.
You hit the skeletal warrior.
The skeletal warrior is severely damaged.
You hit the skeletal warrior.
The skeletal warrior is almost destroyed.
You hit the skeletal warrior but do no damage.
The skeletal warrior is almost destroyed.
The skeletal warrior hits you with a +0 halberd!!
You die...

▒···▒▒··▒·····
·▒·▒▒···▒▒··▒····▒
·······<··▒·▒····▒
······▒·······▒··▒▒ ▒▒·
·▒▒·········▒·····▒▒···
▒···▒▒·············▒
▒··············▒▒▒·▒
▒·····▒··▒···▒z·▒▒▒·▒▒
···▒▒▒▒▒·▒·▒▒▒·@▒·)··▒
·▒▒ ▒········(·▒▒···▒
▒··▒▒▒···)·▒ ▒·▒ ▒··
▒···▒·▒ ·· ▒▒· ▒[▒·▒··
· ▒· ▒···▒▒·· ▒· ▒▒··▒
▒▒· ···· ·· ···▒ ▒▒


You could see a skeletal warrior.

Vanquished Creatures
  Harold (D:11)
  2 skeletal warriors (D:10)
  An unseen horror (D:8)
  A kobold demonologist (D:9)
  2 polar bears (D:8)
  A hornet (D:8)
  3 hippogriffs
  5 yaks
  A human (D:7)
  4 hogs (D:7)
  A hungry ghost (D:7)
  Grum (D:8)
  A water moccasin (D:9)
  5 sky beasts
  3 black bears
  6 ice beasts
  3 orc warriors
  2 centaurs
  2 ogres
  A phantom (D:11)
  4 wolves (D:8)
  17 big kobolds
  7 bullfrogs
  A wyvern zombie (D:11)
  A wyvern skeleton (D:6)
  2 scorpions
  2 water moccasin skeletons
  10 killer bees
  11 wights
  3 howler monkeys
  5 crimson imps
  A wyvern simulacrum (D:8)
  2 quasits
  A centaur zombie (D:8)
  2 jellies
  4 bullfrog skeletons
  2 orc priests (D:10)
  6 hounds
  10 orc wizards
  An iguana (D:5)
  9 worker ants
  A bullfrog simulacrum (D:8)
  A hound zombie (D:7)
  A worker ant zombie (D:10)
  10 adders
  2 shadow imps
  A white imp (D:8)
  An ufetubus (D:7)
  2 oozes
  An adder zombie (D:6)
  4 adder skeletons
  4 worms
  A dart slug (D:1)
  7 leopard geckos
  24 orcs
  6 giant cockroaches
  4 goblins
  9 hobgoblins
  11 jackals
  31 kobolds
  5 quokkas
  2 ball pythons
  8 bats
  6 frilled lizards
  A leopard gecko skeleton (D:6)
  A quokka skeleton (D:5)
  12 rats
303 creatures vanquished.

Notes
Turn   | Place    | Note
-------+----------+-------------------------------------------
     0 | D:1      | Azzok the Formicid Fighter began the quest for the Orb.
     0 | D:1      | Reached XP level 1. HP: 18/18 MP: 1/1
   130 | D:1      | Reached XP level 2. HP: 13/24 MP: 2/2
   336 | D:1      | Reached skill level 3 in Axes
   575 | D:1      | Reached XP level 3. HP: 29/29 MP: 3/3
  1130 | D:2      | Reached skill level 4 in Axes
  1130 | D:2      | Reached XP level 4. HP: 25/35 MP: 4/4
  2195 | D:3      | Reached XP level 5. HP: 41/41 MP: 5/5
  2356 | D:3      | Reached skill level 5 in Axes
  2676 | D:4      | Found an ancient bone altar of Kikubaaqudgha.
  2847 | D:4      | Found an iron altar of Okawaru.
  2847 | D:4      | Found a white marble altar of Elyvilon.
  2893 | D:4      | Reached XP level 6. HP: 47/47 MP: 6/6
  2904 | D:4      | Reached skill level 6 in Axes
  3208 | D:4      | Noticed an orc warrior
  3223 | D:4      | Killed an orc warrior
  3230 | D:4      | Reached XP level 7. HP: 17/52 MP: 7/7
  3466 | D:4      | Reached skill level 7 in Axes
  3660 | D:4      | Became a worshipper of Warmaster Okawaru
  3684 | D:4      | Found a burning altar of Makhleb.
  3789 | D:4      | Reached skill level 1 in Invocations
  3953 | D:5      | Entered Level 5 of the Dungeon
  4519 | D:5      | Reached XP level 8. HP: 58/58 MP: 10/10
  4735 | D:5      | Reached * piety under Okawaru
  4735 | D:5      | Reached skill level 8 in Axes
  5863 | D:6      | Reached skill level 5 in Invocations
  6619 | D:6      | Reached ** piety under Okawaru
  6619 | D:6      | Reached skill level 9 in Axes
  6619 | D:6      | Reached XP level 9. HP: 62/64 MP: 13/13
  6916 | D:7      | Found a staircase to the Ecumenical Temple.
  7362 | D:7      | Reached skill level 10 in Axes
  7422 | D:7      | Reached *** piety under Okawaru
  7458 | D:7      | Reached XP level 10. HP: 36/70 MP: 15/17
  7846 | D:7      | Identified the Papyrus of the Entourage
  8175 | D:7      | Reached skill level 10 in Invocations
  8371 | D:7      | Reached **** piety under Okawaru
  8371 | D:7      | Reached skill level 11 in Axes
  8576 | D:8      | Noticed an unseen horror
  8834 | D:8      | Killed an unseen horror
  9036 | D:8      | Reached skill level 12 in Axes
  9036 | D:8      | Noticed Grum
  9086 | D:8      | Killed Grum
  9110 | D:8      | Reached ***** piety under Okawaru
  9659 | D:8      | Reached skill level 1 in Evocations
  9812 | D:8      | Noticed farkougg's ghost (novice MiBe)
  9813 | D:8      | Found a transporter.
  9817 | D:8      | Found a transporter.
  9882 | D:8      | Received a gift from Okawaru
  9882 | D:8      | Reached XP level 11. HP: 51/75 MP: 18/18
 10249 | D:8      | Found a glowing golden altar of the Shining One.
 10628 | D:9      | Reached skill level 13 in Axes
 10684 | D:9      | Reached skill level 5 in Evocations
 11231 | D:9      | Found a sacrificial altar of Ru.
 11438 | D:9      | Found a glowing silver altar of Zin.
 11438 | D:9      | Noticed an angel
 11509 | D:9      | Identified a scroll of acquirement
 11512 | D:9      | Got a transparent halberd
 11538 | D:10     | Entered Level 10 of the Dungeon
 11560 | D:10     | Received a gift from Okawaru
 12371 | D:10     | Identified the +4 halberd of Abbosim {antimagic, +Blink
                  | rF+} (You acquired it on level 9 of the Dungeon)
 12389 | D:10     | Found a stormy altar of Qazlal.
 12791 | D:11     | Noticed a skeletal warrior
 12791 | D:11     | Noticed a skeletal warrior
 12791 | D:11     | Noticed a skeletal warrior
 12807 | D:10     | Killed a skeletal warrior
 13069 | D:11     | Reached skill level 14 in Axes
 13469 | D:10     | Killed a skeletal warrior
 13469 | D:10     | Reached XP level 12. HP: 7/81 MP: 4/19
 13810 | D:11     | HP: 2/81 [skeletal warrior/+0 halberd[a skeletal warrior]
                  | (15)]
 14161 | D:11     | Noticed Harold
 14175 | D:11     | Killed Harold
 14237 | D:11     | Mangled by a skeletal warrior

Skill      XL: |  1  2  3  4  5  6  7  8  9 10 11 12 |
---------------+-------------------------------------+-----
Axes           | 3 4 5 6 7 9 10 12 14 | 14.3
Invocations    | 3 6 9 10 | 10.0
Evocations     | 2 7 8 |  8.3
Fighting       | |  3.2
Armour         | |  3.2
Shields        | |  3.6

Action                   |  1- 3 |  4- 6 |  7- 9 | 10-12 || total
-------------------------+-------+-------+-------+-------++-------
Melee: War axe           |   113 |   187 |   392 |   742 ||  1434
       Halberd           |       |       |       |    64 ||    64
Invok: Heroism           |       |       |     1 |     4 ||     5
       Finesse           |       |       |       |     1 ||     1
  Use: Potion            |       |     1 |     3 |     4 ||     8
       Scroll            |       |       |       |    21 ||    21
 Stab: Paralysed         |       |       |       |     2 ||     2
       Invisible         |       |       |       |    20 ||    20
  Eat: Chunk             |     1 |     7 |    13 |    17 ||    38
       Ration            |       |       |     1 |     2 ||     3
Armor: Scale mail        |    44 |    18 |       |       ||    62
       Chain mail        |       |    57 |   164 |   328 ||   549
Dodge: Dodged            |    24 |    67 |   160 |   374 ||   625
Block: Shield            |    58 |   106 |   183 |   420 ||   767
